 Dungeon Crawl Stone Soup version 0.31-a0-174-g85c54bcb58 (webtiles) character file.

Game seed: 18083355490181127732

95 qw the Shooter (level 4, -7/40 HPs)
             Began as a Naga Hunter on June 15, 2023.
             Mangled by a gnoll
             ... wielding a +0 halberd
              (10 damage)
             ... on level 3 of the Dungeon.
             The game lasted 00:00:34 (1367 turns).

qw the Shooter (Naga Hunter)                        Turns: 1367, Time: 00:00:34

Health: -7/40      AC:  2    Str: 13    XL:     4   Next: 66%
Magic:  4/4        EV:  9    Int: 10    God:
Gold:   108        SH:  0    Dex: 16    Spells: 3/3 levels left

rFire   . . .        Y - +0 shortbow
rCold   . . .        (shield currently unavailable)
rNeg    . . .        c - +0 leather armour
rPois   +            (no helmet)
rElec   .            (no cloak)
rCorr   .            (no gloves)
SInv    +            (no barding)
Will    .....        (no amulet)
Stlth   ++           (no ring)
HPRegen 0.26/turn    (no ring)
MPRegen 0.09/turn

%: no passive effects
@: about to teleport, very slow
A: AC +1, large, see invisible, deformed body, poison resistance, slowness 2,
spit poison 1, naga tail 1
a: Spit Poison


You were on level 3 of the Dungeon.
You visited 1 branch of the dungeon, and saw 3 of its levels.

You collected 134 gold pieces.
You spent 26 gold pieces at shops.


Innate Abilities, Weirdness & Mutations

Your serpentine skin is tough. (AC +1)
You have supernaturally acute eyesight. (SInv)
Armour fits poorly on your strangely shaped body.
Your system is resistant to poisons. (rPois)
You cover ground very slowly.
You can spit poison.
You have a snake-like lower body.


   Skills:
 + Level 2.6 Fighting
 - Level 5.1 Ranged Weapons
 - Level 1.5 Dodging
 - Level 1.5 Stealth


You had 3 spell levels left.
You didn't know any spells.
Your spell library was empty.

Inventory:

Hand Weapons
 Y - a +0 shortbow (weapon)
Armour
 c - a +0 leather armour (worn)
Scrolls
 f - a scroll of identify
Potions
 h - a potion of magic {unknown}
 i - 3 potions of curing
 l - a potion of heal wounds {unknown}
 m - a potion of mutation {unknown}

Dungeon Overview and Level Annotations

Branches:
Dungeon (3/15)

Altars:
Wu Jian

Shops:
D:1 *   D:2 !


Message History

1355 ||| INVOKING Spit Poison.
Aiming: Spit Poison (1% risk of failure)
Press: ? - help, Shift-Dir - straight line, f - gnoll The splash of poison hits the gnoll!
The gnoll is poisoned.
The gnoll is heavily wounded.
1356 ||| Stepping ~*~*~tactically~*~*~ (outnumbered).
You shoot an arrow. The arrow barely misses the gnoll.
You shoot an arrow. The arrow hits the gnoll.
You kill the gnoll!
You shoot an arrow. The arrow hits the gnoll.
The gnoll is moderately wounded.
You shoot an arrow. The arrow barely misses the gnoll. x2
The gnoll hits you with a +0 club!
You shoot an arrow. The arrow completely misses the gnoll.
You have got your breath back.
The gnoll barely misses you. The gnoll completely misses you.
1362 ||| INVOKING Spit Poison.
Aiming: Spit Poison (1% risk of failure)
Press: ? - help, Shift-Dir - straight line, f/p - gnoll The splash of poison hits the gnoll.
The gnoll is poisoned.
The gnoll is severely wounded.
The gnoll hits you from afar with a +0 halberd.
The gnoll closely misses you.
You shoot an arrow. The arrow hits the gnoll.
You kill the gnoll!
The gnoll hits you from afar with a +0 halberd!
You shoot an arrow. The arrow hits the gnoll.
The gnoll is heavily wounded.
The gnoll barely misses you.
You shoot an arrow. The arrow hits the gnoll.
The gnoll is almost dead.
The gnoll hits you from afar with a +0 halberd.
1366 ||| READING scroll of teleportation.
As you read the scroll of teleportation, it crumbles to dust.
You feel strangely unstable.
The gnoll hits you from afar with a +0 halberd!
You shoot an arrow. The arrow barely misses the gnoll.
You have got your breath back.
The gnoll hits you from afar with a +0 halberd!
You die...

#.# ##.# #..#
#.#.##......#
#####.#. #.##...##
#...... #.#.....##
#.##..# #........##
#.#...####.........#
#..........[.......+
#%#..........%...>.#
......#####.....@.##
#.###.# ##....)##
#.# #.# ##..g##
#.###.# ##'##
#..##.# #.# ##.##.#
#.# #.##.# #.#
##.##.# .g.
......###### .w.


You could see a gnoll.

Vanquished Creatures
  Jessica (D:2)
  2 gnolls (D:3)
  3 worms (D:2)
  A dart slug (D:1)
  2 ball pythons
  4 endoplasms
  2 giant cockroaches (D:3)
  2 goblins
  4 hobgoblins
  6 quokkas
  4 bats
  2 frilled lizards (D:1)
  3 kobolds
  A rat (D:2)
37 creatures vanquished.

Notes
Turn   | Place    | Note
-------+----------+-------------------------------------------
     0 | D:1      | qw the Naga Hunter began the quest for the Orb.
     0 | D:1      | Reached XP level 1. HP: 19/19 MP: 1/1
     0 | D:1      | 0 ||| qw: Version: 0.2-a-29-g511e9b1
     0 | D:1      | 0 ||| qw: Game counter: 5201
     0 | D:1      | 0 ||| qw: Always use a shield: true
     0 | D:1      | 0 ||| qw: God list: Okawaru
     0 | D:1      | 0 ||| qw: Allow faded altars: false
     0 | D:1      | 0 ||| qw: Do Orc after D:15 true
     0 | D:1      | 0 ||| qw: Do second Lair branch before Depths: true
     0 | D:1      | 0 ||| qw: Lair rune preference: random
     0 | D:1      | 0 ||| qw: Plans: Normal
     0 | D:1      | 0 ||| PLANNING D:1-11
    26 | D:1      | 26 ||| INVOKING Spit Poison.
    69 | D:1      | 69 ||| INVOKING Spit Poison.
    75 | D:1      | 75 ||| INVOKING Spit Poison.
   116 | D:1      | 116 ||| INVOKING Spit Poison.
   138 | D:1      | 138 ||| INVOKING Spit Poison.
   142 | D:1      | Reached skill level 4 in Ranged Weapons
   142 | D:1      | Reached XP level 2. HP: 26/26 MP: 2/2
   156 | D:1      | 156 ||| INVOKING Spit Poison.
   160 | D:1      | 160 ||| INVOKING Spit Poison.
   164 | D:1      | 164 ||| INVOKING Spit Poison.
   193 | D:1      | 193 ||| INVOKING Spit Poison.
   205 | D:1      | Found Xomurgh's General Store.
   206 | D:1      | 206 ||| INVOKING Spit Poison.
   213 | D:1      | 213 ||| SHOPLISTING scroll of enchant armour (97 gold, have
                  | 34).
   213 | D:1      | 213 ||| BUYING scroll of identify (26 gold).
   213 | D:1      | Bought a scroll of identify for 26 gold pieces
   502 | D:1      | 502 ||| INVOKING Spit Poison.
   508 | D:1      | 508 ||| INVOKING Spit Poison.
   660 | D:1      | 660 ||| DRINKING 2 red potions.
   661 | D:1      | 661 ||| DRINKING 2 bubbling inky potions.
   662 | D:1      | 662 ||| DROPPING scroll of butterflies.
   663 | D:1      | 663 ||| DROPPING potion of invisibility.
   687 | D:2      | 687 ||| INVOKING Spit Poison.
   693 | D:2      | 693 ||| INVOKING Spit Poison.
   694 | D:2      | Reached XP level 3. HP: 32/32 MP: 3/3
   732 | D:2      | 732 ||| INVOKING Spit Poison.
   738 | D:2      | 738 ||| INVOKING Spit Poison.
   749 | D:2      | 749 ||| INVOKING Spit Poison.
   767 | D:2      | Found Caugep's Distillery.
   775 | D:2      | 775 ||| SHOPLISTING potion of curing (42 gold, have 38).
   775 | D:2      | 775 ||| SHOPLISTING potion of haste (140 gold, have 38).
   789 | D:2      | 789 ||| INVOKING Spit Poison.
   792 | D:2      | Found a faded altar of an unknown god.
   812 | D:2      | 812 ||| INVOKING Spit Poison.
   816 | D:2      | 816 ||| INVOKING Spit Poison.
   833 | D:2      | 833 ||| INVOKING Spit Poison.
   844 | D:2      | Found an ornate altar of the Wu Jian Council.
  1063 | D:2      | 1063 ||| INVOKING Spit Poison.
  1128 | D:2      | Noticed Jessica
  1130 | D:2      | 1130 ||| INVOKING Spit Poison.
  1131 | D:2      | Killed Jessica
  1132 | D:2      | Reached skill level 5 in Ranged Weapons
  1132 | D:2      | Reached XP level 4. HP: 39/39 MP: 4/4
  1134 | D:2      | 1134 ||| INVOKING Spit Poison.
  1291 | D:2      | 1291 ||| INVOKING Spit Poison.
  1295 | D:2      | 1295 ||| READING 2 scrolls labelled GEQUFFEALI.
  1298 | D:2      | 1298 ||| READING scroll labelled TOLAUCS LOGAU.
  1299 | D:2      | 1299 ||| DRINKING 3 fizzy green potions.
  1300 | D:2      | 1300 ||| READING 4 scrolls of identify.
  1300 | D:2      | 1300 ||| IDENTIFYING golden potion
  1301 | D:2      | 1301 ||| READING 3 scrolls of identify.
  1301 | D:2      | 1301 ||| IDENTIFYING bubbling orange potion
  1302 | D:2      | 1302 ||| READING 2 scrolls of identify.
  1302 | D:2      | 1302 ||| IDENTIFYING purple potion
  1303 | D:2      | 1303 ||| DROPPING potion of attraction.
  1304 | D:2      | 1304 ||| DROPPING potion of degeneration.
  1305 | D:2      | 1305 ||| DROPPING potion of lignification.
  1306 | D:2      | 1306 ||| DROPPING 2 potions of brilliance.
  1331 | D:3      | 1331 ||| INVOKING Spit Poison.
  1341 | D:3      | 1341 ||| INVOKING Spit Poison.
  1354 | D:3      | 1354 ||| Stepping ~*~*~tactically~*~*~ (outnumbered).
  1355 | D:3      | 1355 ||| INVOKING Spit Poison.
  1356 | D:3      | 1356 ||| Stepping ~*~*~tactically~*~*~ (outnumbered).
  1362 | D:3      | 1362 ||| INVOKING Spit Poison.
  1365 | D:3      | HP: 10/40 [gnoll/+0 halberd (5)]
  1366 | D:3      | 1366 ||| READING scroll of teleportation.
  1366 | D:3      | HP: 2/40 [gnoll/+0 halberd (8)]
  1367 | D:3      | Mangled by a gnoll

Levels and vault maps discovered:
D:1:      onia_arrival_mini_maze_b, layout_basic, serial_shops, shop
D:2:      layout_basic, serial_shops, nicolae_shop_industrial_runoff,
          ebering_ecumenical_altar_abandoned, basic_altar,
          kennysheep_jessica_study
D:3:      layout_loops_corners, hangedman_decor_lopped, uniq_ijyb

Skill      XL: |  1  2  3 |
---------------+----------+-----
Ranged Weapons | 4 5 |  5.1
Fighting       | |  2.6
Dodging        | |  1.5
Stealth        | |  1.5

Action                     |  1- 3 |  4- 6 || total
---------------------------+-------+-------++-------
   Fire: Shortbow          |    59 |    15 ||    74
Ability: Spit Poison       |    23 |     6 ||    29
    Use: Potion            |     2 |     1 ||     3
         Scroll            |       |     6 ||     6
 Armour: Leather armour    |     2 |       ||     2
  Dodge: Dodged            |     5 |     4 ||     9

Table legend:
 A = Non-vault XP
 B = Vault XP
 C = Vault XP percentage of total XP
 D = Non-vault monster count
 E = Vault monster count
 F = Vault count percentage of total count
                 A         B        C        D         E       F
            +---------+---------+-------+---------+---------+-------
      Total |      97 |      40 |  29.2 |      34 |       3 |   8.1
            +---------+---------+-------+---------+---------+-------
        D:1 |      29 |       1 |   3.3 |      15 |       1 |   6.2
        D:2 |      34 |      39 |  53.4 |      14 |       2 |  12.5
        D:3 |      34 |       0 |   0.0 |       5 |       0 |   0.0
            +---------+---------+-------+---------+---------+-------
